 Dungeon Crawl Stone Soup version 0.29-a0-541-gaf1fc19f1b (webtiles) character file.

Game seed: 1971280282295467620

1424 Abuh the Cleaver (level 8, -22/64 HPs)
             Began as a Minotaur Berserker on May 21, 2021.
             Was a Priest of Trog.
             Annihilated by a two-headed ogre
             ... wielding a +0 giant spiked club
              (31 damage)
             ... on level 7 of the Dungeon on June 2, 2022.
             The game lasted 00:17:07 (5363 turns).

Abuh the Cleaver (Minotaur Berserker)               Turns: 5363, Time: 00:17:08

Health: -22/64     AC:  7    Str: 29    XL:     8   Next: 44%
Magic:  7/7        EV: 11    Int:  4    God:    Trog [***...]
Gold:   304        SH:  0    Dex: 17    Spells: 7/7 levels left

rFire   . . .      SeeInvis .   i - +2 broad axe (flame)
rCold   . . .      Faith    .   (no shield)
rNeg    . . .      Spirit   .   g - +1 scale mail
rPois   .          Reflect  .   (helmet restricted)
rElec   .          Harm     .   (no cloak)
rCorr   .          Rampage  .   (no gloves)
Will    .....                   (no boots)
Stlth   ..........              (no amulet)
HPRegen 0.20/turn               s - +6 ring of dexterity
MPRegen 0.10/turn               t - +6 ring of strength

@: no status effects
A: horns 2, retaliatory headbutt
a: Renounce Religion, Berserk, Trog's Hand


You were on level 7 of the Dungeon.
You worshipped Trog.
Trog was most pleased with you.
You visited 1 branch of the dungeon, and saw 7 of its levels.

You collected 304 gold pieces.

Inventory:

Hand Weapons
 a - a +0 hand axe
 i - a +2 broad axe of flaming (weapon)
 r - a +0 war axe
 y - a +2 antimagic hand axe
Missiles
 u - a throwing net
Armour
 b - a +0 animal skin
 d - a +0 ring mail
 g - a +1 scale mail (worn)
 x - a scarf of shadows
Jewellery
 o - a +6 ring of strength
 s - a +6 ring of dexterity (left hand)
 t - a +6 ring of strength (right hand)
Wands
 l - a wand of mindburst (13)
Scrolls
 c - 4 scrolls of identify
 e - a scroll of enchant weapon {unknown}
 f - 2 scrolls of teleportation
 j - a scroll of summoning
Potions
 h - 2 potions of haste {unknown}
 k - 4 potions of curing
 m - 2 potions of mutation {unknown}
 n - 2 potions of magic {unknown}
 p - a potion of brilliance {unknown}
 q - 2 potions of heal wounds {unknown}


   Skills:
 - Level 3.6 Fighting
 + Level 12.9 Axes
 - Level 2.4 Armour
 - Level 2.1 Dodging


You had 7 spell levels left.
You didn't know any spells.
Your spell library was empty.

Dungeon Overview and Level Annotations

Branches:
Dungeon (6/15)
 Temple: D:4-7

Altars:
Dithmenos
Hepliaklqana
Wu Jian
Yredelemnul

Shops:
D:2 =


Innate Abilities, Weirdness & Mutations

You have a pair of horns on your head.
You reflexively headbutt those who attack you in melee.


Message History

Found a stone staircase leading down.
l - a wand of mindburst (13)
There is a stone staircase leading down here.
o - a +6 ring of strength
Found an escape hatch in the ceiling.
You open the door.
There is an open door here.
q - 2 black potions You open the door.
An orc comes into view. It is wielding a +0 hand axe.
The orc shouts!
You hear a shout! x2 2 orcs come into view.
The orc moves out of view.
There is an open door here.
The orc barely misses you. You furiously retaliate!
You headbutt the orc!
You kill the orc!
Trog accepts your kill.
You hit the orc. You burn the orc.
You kill the orc!
Trog accepts your kill.
You slash the orc! You burn the orc.
You kill the orc!
Trog accepts your kill.
No target in view!
Items here: )) [ †.
You see here a +0 club.
Items here: )) [ †.
Okay, then.
A two-headed ogre comes into view.
It is wielding a +0 giant spiked club and a +0 giant club.
The two-headed ogre shouts in stereo!
The two-headed ogre attacks as you move away!
The two-headed ogre hits you with a +0 giant spiked club!!
The two-headed ogre closely misses you.
The two-headed ogre hits you with a +0 giant spiked club!!
Ouch! That really hurt!
* * * LOW HITPOINT WARNING * * *
The two-headed ogre barely misses you.
You hit the two-headed ogre but do no damage.
The two-headed ogre hits you with a +0 giant spiked club!!
You die...

#.........#...........#
#.#......####.#......#.#
##........'....#.##.....#
#.........####.#.# .#...
...####'### #.#.##.#.####
#.######..<#........
#))...######..#.....
#.........##........
#......##.@O........
#......##.##.......#
######.#...#.#...#.#
#.#.#......## #.#.
####..# #.#. ... ..#. #..
..## ... #+#


You could see a two-headed ogre.

Vanquished Creatures
  Menkaure (D:4)
  Edmund (D:4)
  A hornet zombie (D:5)
  A sky beast (D:4)
  A black bear (D:4)
  2 necrophages
  An ogre (D:5)
  A phantom (D:6)
  2 scorpions
  A howler monkey (D:5)
  A bullfrog skeleton (D:5)
  A hound (D:5)
  An orc priest (D:4)
  A gnoll shaman (D:4)
  2 iguanas (D:5)
  A killer bee zombie (D:4)
  A hound skeleton (D:2)
  A howler monkey zombie (D:5)
  4 gnolls (D:4)
  5 adders
  A white imp (D:5)
  6 worms
  2 dart slugs
  12 orcs
  6 endoplasms
  5 giant cockroaches
  8 goblins
  3 hobgoblins
  8 kobolds
  3 quokkas
  5 ball pythons
  6 bats
  5 frilled lizards
  11 rats
111 creatures vanquished.

Notes
Turn   | Place    | Note
-------+----------+-------------------------------------------
     0 | D:1      | Abuh the Minotaur Berserker began the quest for the Orb.
     0 | D:1      | Reached XP level 1. HP: 19/19 MP: 0/0
    50 | D:1      | Reached skill level 4 in Axes
   349 | D:1      | Reached XP level 2. HP: 26/26 MP: 1/1
   512 | D:1      | Found a faded altar of an unknown god.
   604 | D:1      | Reached skill level 5 in Axes
   655 | D:1      | Reached XP level 3. HP: 31/31 MP: 2/2
   766 | D:1      | Reached ** piety under Trog
  1326 | D:2      | Reached XP level 4. HP: 39/39 MP: 3/3
  1348 | D:2      | Reached skill level 6 in Axes
  1405 | D:2      | Found Kiocw's Jewellery Shop.
  2075 | D:3      | Found an ornate altar of the Wu Jian Council.
  2262 | D:3      | Reached *** piety under Trog
  2741 | D:4      | Noticed a scorpion
  2744 | D:4      | Killed a scorpion
  2745 | D:4      | Reached skill level 7 in Axes
  2745 | D:4      | Reached XP level 5. HP: 35/45 MP: 4/4
  3006 | D:4      | Noticed a black bear
  3014 | D:4      | Reached skill level 8 in Axes
  3016 | D:4      | Killed a black bear
  3017 | D:4      | Reached XP level 6. HP: 51/51 MP: 5/5
  3116 | D:4      | Found a shadowy altar of Dithmenos.
  3127 | D:4      | Noticed Menkaure
  3131 | D:4      | Killed Menkaure
  3132 | D:4      | Reached skill level 9 in Axes
  3303 | D:4      | Noticed Edmund
  3310 | D:4      | Killed Edmund
  3311 | D:4      | Reached skill level 10 in Axes
  3311 | D:4      | Reached XP level 7. HP: 22/57 MP: 6/6
  3851 | D:5      | Entered Level 5 of the Dungeon
  3857 | D:5      | Reached skill level 11 in Axes
  4152 | D:5      | Found a hazy altar of Hepliaklqana.
  4224 | D:5      | Reached XP level 8. HP: 53/64 MP: 7/7
  4301 | D:5      | Reached skill level 12 in Axes
  4464 | D:5      | Found a basalt altar of Yredelemnul.
  5121 | D:6      | You fall into a shaft and drop 1 floor!
  5180 | D:7      | Upgraded the game from 0.27-a0-1188-g73eefd5def to
                  | 0.29-a0-541-gaf1fc19f1b
  5209 | D:7      | Identified a scroll of acquirement
  5209 | D:7      | Acquired a +2 broad axe of flaming
  5356 | D:7      | Noticed a two-headed ogre
  5363 | D:7      | Annihilated by a two-headed ogre

Illustrated notes

Levels and vault maps discovered:
D:1:      lemuel_arrival_river_passageway, layout_loops_ring,
          ebering_ecumenical_altar_sacrificial, minmay_heptomino_o4
D:2:      layout_loops_ring, serial_shops,
          nicolae_shop_competitors_out_of_business, minmay_misc_feat_diagonals
D:3:      layout_loops_corners, lemuel_tele_altar
D:4:      minmay_door_path, layout_rooms, nicolae_dithmenos_the_darkroom,
          uniq_menkaure, uniq_edmund
D:5:      layout_cave_pools, old_standard_altar, lemuel_coloured_pillars_altar,
          serial_co_window_serial, co_window_of_opportunity_a,
          co_window_paths_a, co_window_paths_b, co_window_paths_a,
          co_window_paths_a, co_window_paths_a, co_window_paths_a,
          co_window_cross_1, co_window_paths_b, co_window_of_opportunity_b,
          co_window_broadway_c, co_window_broadway_c, co_window_broadway_c,
          glass_columns_a, glass_columns_b, glass_columns_a, glass_columns_b
D:6:      cheibrodos_fertilizer, layout_loops_ring,
          nicolae_ru_great_annihilating_truth, minmay_temple_entry_junction
D:7:      layout_basic, general_overflow_altar, serial_shops, kennysheep_mini,
          palyth_stone_intersect, kennysheep_dice, uniq_joseph

Skill      XL: |  1  2  3  4  5  6  7  8 |
---------------+-------------------------+-----
Axes           | 4 5 7 8 10 11 12 | 12.9
Fighting       | |  3.6
Armour         | |  2.4
Dodging        | |  2.1

Action                   |  1- 3 |  4- 6 |  7- 9 || total
-------------------------+-------+-------+-------++-------
Melee: Hand axe          |    69 |    56 |       ||   125
       Headbutt          |    13 |    12 |    15 ||    40
       War axe           |       |    26 |    66 ||    92
       Broad axe         |       |       |     3 ||     3
Invok: Berserk           |     1 |     2 |     1 ||     4
  Use: Scroll            |       |       |    10 ||    10
Armor: Ring mail         |     6 |       |       ||     6
       Animal skin       |     2 |       |       ||     2
       Scale mail        |    17 |    31 |     9 ||    57
Dodge: Dodged            |    42 |    34 |    29 ||   105

Table legend: (Time is in decaauts)
 A = Elapsed time spent in this place.
 B = Non-inter-level travel time spent in this place.
 C = Inter-level travel time spent in this place.
 D = Time resting spent in this place.
 E = Time spent auto-exploring this place.
 F = Levels seen in this place.
 G = Mean time per level.
                   A        B        C        D        E       F      G
               +--------+--------+--------+--------+--------+-----+--------+
         Total |   5408 |   5245 |    163 |   1082 |   3291 |   7 |  772.6 |
       Dungeon |   5408 |   5245 |    163 |   1082 |   3291 |   7 |  772.6 |
               +--------+--------+--------+--------+--------+-----+--------+

Top non-repeatable levels by time:
     D:4: 1158 daAuts
     D:5: 1138 daAuts
     D:3: 1035 daAuts
     D:1: 1030 daAuts
     D:2: 666 daAuts
     D:7: 251 daAuts
     D:6: 127 daAuts
